Map: Pillars of Gold LE

Players

Trap - Winner!

  • Race: Protoss Protoss
  • League: Master
  • Spawn Location: 1:00

Stats

  • Race: Protoss Protoss
  • League: Grandmaster
  • Spawn Location: 7:00

Event: DreamHack SC2 Masters 2020 Fall

VOD

Have the link to the VOD?

Description

Time

  • Played on: Sept. 19, 2020, 11:08 a.m.
  • Length: 3:51

All games in this series

Show
View Real Time Build Order
Export as new Build Order

Trap Protoss - Winner!

Build Orders: Proxy Void Ray 

Get SALT Encoding   

  13  0:09  Pylon  
  13  0:13  Probe (Chrono Boost)  
  13  0:23  Probe (Chrono Boost)  
  14  0:31  Gateway  
  14  0:35  Probe  
  15  0:44  Assimilator  
  15  0:48  Probe  
  16  0:51  Assimilator  
  16  1:00  Probe  
  17  1:12  Probe  
  18  1:18  Cybernetics Core  
  18  1:24  Probe  
  19  1:28  Pylon  
  19  1:36  Probe  
  21  1:55  Stargate, Adept  
  21  2:01  Shield Battery  
  22  2:09  Pylon  
  22  2:20  Shield Battery  
  22  2:29  Void Ray (Chrono Boost)  
  26  2:56  Void Ray (Chrono Boost)  
  30  3:20  Shield Battery  
  30  3:25  Gateway  
Show
View Real Time Build Order
Export as new Build Order

Stats Protoss 

Build Orders: 1 Gate Expand 

Get SALT Encoding   

  12  0:00  Probe  
  13  0:12  Probe  
  14  0:18  Pylon  
  14  0:24  Probe (Chrono Boost)  
  15  0:36  Probe (Chrono Boost)  
  15  0:42  Gateway  
  16  0:45  Probe (Chrono Boost)  
  16  0:47  Assimilator  
  17  0:51  Probe  
  18  1:03  Probe  
  19  1:15  Probe  
  20  1:25  Nexus  
  20  1:35  Cybernetics Core  
  21  1:45  Zealot  
  22  1:55  Pylon  
  22  1:57  Probe  
  22  2:00  Assimilator  
  23  2:10  Stalker (Chrono Boost)  
  25  2:19  Probe  
  26  2:30  Stalker (Chrono Boost)  
  28  2:42  Probe  
  29  2:53  Gateway  
  29  2:54  Stalker (Chrono Boost)  
  31  3:06  Probe  
  28  3:21  Stalker (Chrono Boost)  

Tags
 
Add a new tag
Caveats
  • Supply blocks, unpowered buildings, or Contaminate may cause inaccurate times.
  • Supply counts are checked every 10 seconds.